Workbook

Sheet DES. 201
C1: COMPANHIA DE DESENVOLVIMENTO HABITACIONAL E URBANO
B2: DO ESTADO DE SÃO PAULO
B3: BOLETIM REFERENCIAL DE CUSTOS - TABELA DE SERVIÇOS
B4: COM DESONERAÇÃO
G5: Versão 196
F6: Data Base: | G6: NOV/24
D7: BDI : | E7: 0 | F7: L.S.: | G7: 0.9778
B8: Referência | C8: Descrição | D8: Un | E8: Material | F8: Mão de Obra | G8: Custo Total
B9: 01 | C9: SERVICO TECNICO ESPECIALIZADO | H9: =LEN(B9) -> 2
B10: 01.02 | C10: Parecer técnico | H10: =LEN(B10) -> 5
B11: 01.02.071 | C11: Parecer técnico de fundações, contenções e recomendações gerais, para empreendimentos com área construída até 1.000 m² | D11: UN | F11: 5890.28 | G11: 5890.28 | H11: =LEN(B11) -> 9
B12: 01.02.081 | C12: Parecer técnico de fundações, contenções e recomendações gerais, para empreendimentos com área construída de 1.001 a 2.000 m² | D12: UN | F12: 7832.93 | G12: 7832.93 | H12: =LEN(B12) -> 9
B13: 01.02.091 | C13: Parecer técnico de fundações, contenções e recomendações gerais, para empreendimentos com área construída de 2.001 a 5.000 m² | D13: UN | F13: 13380.39 | G13: 13380.39 | H13: =LEN(B13) -> 9
B14: 01.02.101 | C14: Parecer técnico de fundações, contenções e recomendações gerais, para empreendimentos com área construída de 5.001 a 10.000 m² | D14: UN | F14: 18346.09 | G14: 18346.09 | H14: =LEN(B14) -> 9
B15: 01.02.111 | C15: Parecer técnico de fundações, contenções e recomendações gerais, para empreendimentos com área construída acima de 10.000 m² | D15: UN | F15: 21379.53 | G15: 21379.53 | H15: =LEN(B15) -> 9
B16: 01.06 | C16: Projeto de instalações elétricas | H16: =LEN(B16) -> 5
B17: 01.06.021 | C17: Elaboração de projeto de adequação de entrada de energia elétrica junto a concessionária, com medição em baixa tensão e demanda até 75 kVA | D17: UN | F17: 7523.6 | G17: 7523.6 | H17: =LEN(B17) -> 9
B18: 01.06.031 | C18: Elaboração de projeto de adequação de entrada de energia elétrica junto a concessionária, com medição em média tensão, subestação simplificada e demanda de 75 kVA a 300 kVA | D18: UN | F18: 12743.6 | G18: 12743.6 | H18: =LEN(B18) -> 9
B19: 01.06.032 | C19: Elaboração de projeto de adequação de entrada de energia elétrica junto a concessionária, com medição em média tensão e demanda de 75 kVA a 300 kVA | D19: UN | F19: 17244.4 | G19: 17244.4 | H19: =LEN(B19) -> 9
B20: 01.06.041 | C20: Elaboração de projeto de adequação de entrada de energia elétrica junto a concessionária, com medição em média tensão e demanda acima de 300 kVA a 2 MVA | D20: UN | F20: 22937 | G20: 22937 | H20: =LEN(B20) -> 9
B21: 01.17 | C21: Projeto executivo | H21: =LEN(B21) -> 5
B22: 01.17.031 | C22: Projeto executivo de arquitetura em formato A1 | D22: UN | F22: 2963.49 | G22: 2963.49 | H22: =LEN(B22) -> 9
B23: 01.17.041 | C23: Projeto executivo de arquitetura em formato A0 | D23: UN | F23: 4006.34 | G23: 4006.34 | H23: =LEN(B23) -> 9
B24: 01.17.051 | C24: Projeto executivo de estrutura em formato A1 | D24: UN | F24: 2173.38 | G24: 2173.38 | H24: =LEN(B24) -> 9
B25: 01.17.061 | C25: Projeto executivo de estrutura em formato A0 | D25: UN | F25: 2973.59 | G25: 2973.59 | H25: =LEN(B25) -> 9
B26: 01.17.071 | C26: Projeto executivo de instalações hidráulicas em formato A1 | D26: UN | F26: 933.03 | G26: 933.03 | H26: =LEN(B26) -> 9
B27: 01.17.081 | C27: Projeto executivo de instalações hidráulicas em formato A0 | D27: UN | F27: 1241.98 | G27: 1241.98 | H27: =LEN(B27) -> 9
B28: 01.17.111 | C28: Projeto executivo de instalações elétricas em formato A1 | D28: UN | F28: 1036.11 | G28: 1036.11 | H28: =LEN(B28) -> 9
B29: 01.17.121 | C29: Projeto executivo de instalações elétricas em formato A0 | D29: UN | F29: 1436.63 | G29: 1436.63 | H29: =LEN(B29) -> 9
B30: 01.17.151 | C30: Projeto executivo de climatização em formato A1 | D30: UN | F30: 1994.3 | G30: 1994.3 | H30: =LEN(B30) -> 9
B31: 01.17.161 | C31: Projeto executivo de climatização em formato A0 | D31: UN | F31: 2718.44 | G31: 2718.44 | H31: =LEN(B31) -> 9
B32: 01.17.171 | C32: Projeto executivo de chuveiros automáticos em formato A1 | D32: UN | F32: 1721.75 | G32: 1721.75 | H32: =LEN(B32) -> 9
B33: 01.17.181 | C33: Projeto executivo de chuveiros automáticos em formato A0 | D33: UN | F33: 2225.43 | G33: 2225.43 | H33: =LEN(B33) -> 9
B34: 01.20 | C34: Levantamento topográfico e geofísico | H34: =LEN(B34) -> 5
B35: 01.20.010 | C35: Taxa de mobilização e desmobilização de equipamentos para execução de levantamento topográfico | D35: TX | E35: 1215.76 | G35: 1215.76 | H35: =LEN(B35) -> 9
B36: 01.20.280 | C36: Levantamento planimétrico de área pavimentada para veículo e pedestre | D36: M2 | E36: 0.05 | F36: 0.15 | G36: 0.2 | H36: =LEN(B36) -> 9
B37: 01.20.691 | C37: Levantamento planimétrico cadastral com áreas ocupadas predominantemente por comunidades - área até 20.000 m² (mínimo de 3.500 m²) | D37: M2 | E37: 0.39 | F37: 0.49 | G37: 0.88 | H37: =LEN(B37) -> 9
B38: 01.20.701 | C38: Levantamento planimétrico cadastral com áreas ocupadas predominantemente por comunidades - área acima de 20.000 m² até 200.000 m² | D38: M2 | E38: 0.3 | F38: 0.37 | G38: 0.67 | H38: =LEN(B38) -> 9
B39: 01.20.711 | C39: Levantamento planimétrico cadastral com áreas ocupadas predominantemente por comunidades - área acima de 200.000 m² | D39: M2 | E39: 0.26 | F39: 0.3 | G39: 0.56 | H39: =LEN(B39) -> 9
B40: 01.20.721 | C40: Levantamento planimétrico cadastral com áreas até 50% de ocupação - área até 20.000 m² (mínimo de 3.500 m²) | D40: M2 | E40: 0.34 | F40: 0.42 | G40: 0.76 | H40: =LEN(B40) -> 9
B41: 01.20.731 | C41: Levantamento planimétrico cadastral com áreas até 50% de ocupação - área acima de 20.000 m² até 200.000 m² | D41: M2 | E41: 0.16 | F41: 0.47 | G41: 0.63 | H41: =LEN(B41) -> 9
B42: 01.20.741 | C42: Levantamento planimétrico cadastral com áreas até 50% de ocupação - área acima de 200.000 m² | D42: M2 | E42: 0.22 | F42: 0.26 | G42: 0.48 | H42: =LEN(B42) -> 9
B43: 01.20.751 | C43: Levantamento planimétrico cadastral com áreas acima de 50% de ocupação - área até 20.000 m² (mínimo de 4.000 m²) | D43: M2 | E43: 0.29 | F43: 0.37 | G43: 0.66 | H43: =LEN(B43) -> 9
B44: 01.20.761 | C44: Levantamento planimétrico cadastral com áreas acima de 50% de ocupação - área acima de 20.000 m² até 200.000 m² | D44: M2 | E44: 0.26 | F44: 0.33 | G44: 0.59 | H44: =LEN(B44) -> 9
B45: 01.20.771 | C45: Levantamento planimétrico cadastral com áreas acima de 50% de ocupação - área acima de 200.000 m² | D45: M2 | E45: 0.26 | F45: 0.31 | G45: 0.57 | H45: =LEN(B45) -> 9
B46: 01.20.781 | C46: Levantamento planialtimétrico cadastral com áreas ocupadas predominantemente por comunidades - área até 20.000 m² (mínimo de 3.500 m²) | D46: M2 | E46: 0.41 | F46: 0.51 | G46: 0.92 | H46: =LEN(B46) -> 9
B47: 01.20.791 | C47: Levantamento planialtimétrico cadastral com áreas ocupadas predominantemente por comunidades - área acima de 20.000 m² até 200.000 m² | D47: M2 | E47: 0.33 | F47: 0.42 | G47: 0.75 | H47: =LEN(B47) -> 9
... B60: 01.20.921 | C60: Implantação de marcos através de levantamento com GPS (mínimo de 3 marcos) | D60: UN | E60: 696.74 | F60: 420.57 | G60: 1117.31 | H60: =LEN(B60) -> 9
B61: 01.21 | C61: Estudo geotecnico (sondagem) | H61: =LEN(B61) -> 5
B62: 01.21.010 | C62: Taxa de mobilização e desmobilização de equipamentos para execução de sondagem | D62: TX | E62: 1281.25 | G62: 1281.25 | H62: =LEN(B62) -> 9
B63: 01.21.090 | C63: Taxa de mobilização e desmobilização de equipamentos para execução de sondagem rotativa | D63: TX | E63: 6509.59 | G63: 6509.59 | H63: =LEN(B63) -> 9
B64: 01.21.100 | C64: Sondagem do terreno a trado | D64: M | E64: 95.01 | G64: 95.01 | H64: =LEN(B64) -> 9
B65: 01.21.110 | C65: Sondagem do terreno à percussão (mínimo de 30 m) | D65: M | E65: 86.73 | G65: 86.73 | H65: =LEN(B65) -> 9
B66: 01.21.120 | C66: Sondagem do terreno rotativa em solo | D66: M | E66: 386.06 | G66: 386.06 | H66: =LEN(B66) -> 9
B67: 01.21.130 | C67: Sondagem do terreno rotativa em rocha | D67: M | E67: 620.21 | G67: 620.21 | H67: =LEN(B67) -> 9
B68: 01.21.140 | C68: Sondagem do terreno à percussão com a utilização de torquímetro (mínimo de 30 m) | D68: M | E68: 91.59 | G68: 91.59 | H68: =LEN(B68) -> 9
B69: 01.23 | C69: Tratamento, recuperação e trabalhos especiais em concreto | H69: =LEN(B69) -> 5
B70: 01.23.010 | C70: Taxa de mobilização e desmobilização de equipamentos para execução de corte em concreto armado | D70: TX | E70: 376.29 | G70: 376.29 | H70: =LEN(B70) -> 9
B71: 01.23.020 | C71: Limpeza de armadura com escova de aço | D71: M2 | E71: 2.78 | F71: 5.57 | G71: 8.35 | H71: =LEN(B71) -> 9
B72: 01.23.030 | C72: Preparo de ponte de aderência com adesivo a base de epóxi | D72: M2 | E72: 102.62 | F72: 41.18 | G72: 143.8 | H72: =LEN(B72) -> 9
B73: 01.23.056 | C73: Tratamento de armadura com produto anticorrosivo a base de zinco | D73: M2 | E73: 25.54 | F73: 39.26 | G73: 64.8 | H73: =LEN(B73) -> 9
B74: 01.23.060 | C74: Corte de concreto deteriorado inclusive remoção dos detritos | D74: M2 | F74: 27.86 | G74: 27.86 | H74: =LEN(B74) -> 9
B75: 01.23.070 | C75: Demarcação de área com disco de corte diamantado | D75: M | E75: 1.05 | F75: 4.12 | G75: 5.17 | H75: =LEN(B75) -> 9
B76: 01.23.100 | C76: Demolição de concreto armado com preservação de armadura, para reforço e recuperação estrutural | D76: M3 | F76: 420.42 | G76: 420.42 | H76: =LEN(B76) -> 9
B77: 01.23.140 | C77: Furação de 1 1/4´ em concreto armado | D77: M | E77: 236.35 | G77: 236.35 | H77: =LEN(B77) -> 9
B78: 01.23.150 | C78: Furação de 1 1/2´ em concreto armado | D78: M | E78: 269.57 | G78: 269.57 | H78: =LEN(B78) -> 9
B79: 01.23.160 | C79: Furação de 2 1/4´ em concreto armado | D79: M | E79: 346.07 | G79: 346.07 | H79: =LEN(B79) -> 9
B80: 01.23.190 | C80: Furação de 2 1/2´ em concreto armado | D80: M | E80: 354.18 | G80: 354.18 | H80: =LEN(B80) -> 9
B81: 01.23.200 | C81: Taxa de mobilização e desmobilização de equipamentos para execução de perfuração em concreto | D81: TX | E81: 243.79 | G81: 243.79 | H81: =LEN(B81) -> 9
B82: 01.23.221 | C82: Furação para até 10mm x 100mm em concreto armado, inclusive colagem de armadura (para até 8mm) | D82: UN | E82: 13.35 | G82: 13.35 | H82: =LEN(B82) -> 9
B83: 01.23.222 | C83: Furação para 12,5mm x 100mm em concreto armado, inclusive colagem de armadura (para 10mm) | D83: UN | E83: 14.61 | G83: 14.61 | H83: =LEN(B83) -> 9
B84: 01.23.223 | C84: Furação para 16mm x 100mm em concreto armado, inclusive colagem de armadura (para 12,5mm) | D84: UN | E84: 16.39 | G84: 16.39 | H84: =LEN(B84) -> 9
B85: 01.23.231 | C85: Furação para até 10mm x 150mm em concreto armado, inclusive colagem de armadura (para até 8mm) | D85: UN | E85: 20.02 | G85: 20.02 | H85: =LEN(B85) -> 9
B86: 01.23.232 | C86: Furação para 12,5mm x 150mm em concreto armado, inclusive colagem de armadura (para 10mm) | D86: UN | E86: 21.54 | G86: 21.54 | H86: =LEN(B86) -> 9
B87: 01.23.233 | C87: Furação para 16mm x 150mm em concreto armado, inclusive colagem de armadura (para 12,5mm) | D87: UN | E87: 24.17 | G87: 24.17 | H87: =LEN(B87) -> 9
B88: 01.23.234 | C88: Furação para 20mm x 150mm em concreto armado, inclusive colagem de armadura (para 16mm) | D88: UN | E88: 26.1 | G88: 26.1 | H88: =LEN(B88) -> 9
... B99: 01.23.510 | C99: Corte vertical em concreto armado, espessura de 15 cm | D99: M | E99: 209.8 | G99: 209.8 | H99: =LEN(B99) -> 9
B100: 01.23.700 | C100: Taxa de mobilização e desmobilização para reforço estrutural com fibra de carbono | D100: TX | E100: 1673.44 | F100: 3780.13 | G100: 5453.57 | H100: =LEN(B100) -> 9
B101: 01.23.701 | C101: Preparação de substrato para colagem de fibra de carbono, mediante lixamento e/ou apicoamento e escovação | D101: M2 | E101: 6.95 | F101: 40.25 | G101: 47.2 | H101: =LEN(B101) -> 9
B102: 01.23.702 | C102: Fibra de carbono para reforço estrutural de alta resistência - 300 g/m² | D102: M2 | E102: 189.35 | F102: 286.3 | G102: 475.65 | H102: =LEN(B102) -> 9
B103: 01.27 | C103: Estudo e programa ambientais | H103: =LEN(B103) -> 5
B104: 01.27.011 | C104: Projeto e implementação de gerenciamento integrado de resíduos sólidos e gestão de perdas | D104: UN | E104: 199.7 | F104: 8349.91 | G104: 8549.61 | H104: =LEN(B104) -> 9
B105: 01.27.021 | C105: Projeto e implementação de educação ambiental | D105: UN | E105: 199.7 | F105: 11184.76 | G105: 11384.46 | H105: =LEN(B105) -> 9
B106: 01.27.031 | C106: Projeto e implementação de controle ambiental de obra | D106: UN | E106: 199.7 | F106: 9896.76 | G106: 10096.46 | H106: =LEN(B106) -> 9
B107: 01.27.041 | C107: Laudo de caracterização de vegetação | D107: UN | E107: 575.95 | F107: 23046.96 | G107: 23622.91 | H107: =LEN(B107) -> 9
B108: 01.27.051 | C108: Laudo de caracterização da fauna associada à flora | D108: UN | E108: 575.95 | F108: 35365.05 | G108: 35941 | H108: =LEN(B108) -> 9
B109: 01.27.061 | C109: Projeto e implementação de monitoramento da fauna durante a obra | D109: UN | E109: 575.95 | F109: 14019.64 | G109: 14595.59 | H109: =LEN(B109) -> 9
B110: 01.27.071 | C110: Laudo de autodepuração | D110: UN | E110: 468.45 | F110: 16826.82 | G110: 17295.27 | H110: =LEN(B110) -> 9
B111: 01.27.091 | C111: Estudo de impacto de vizinhança, em área urbana até 10.000 m² | D111: UN | E111: 285.7 | F111: 27254.43 | G111: 27540.13 | H111: =LEN(B111) -> 9
B112: 01.28 | C112: Poço profundo | H112: =LEN(B112) -> 5
B113: 01.28.010 | C113: Taxa de mobilização e desmobilização de equipamentos para execução de perfuração para poço profundo - profundidade até 200 m | D113: TX | E113: 8405.03 | G113: 8405.03 | H113: =LEN(B113) -> 9
B114: 01.28.020 | C114: Taxa de mobilização e desmobilização de equipamentos para execução de perfuração para poço profundo - profundidade acima de 200 m e até 300 m | D114: TX | E114: 12742.62 | G114: 12742.62 | H114: =LEN(B114) -> 9
B115: 01.28.030 | C115: Taxa de mobilização e desmobilização de equipamentos para execução de perfuração para poço profundo - profundidade acima de 300 m | D115: TX | E115: 12947.7 | G115: 12947.7 | H115: =LEN(B115) -> 9
B116: 01.28.040 | C116: Perfuração rotativa para poço profundo em camadas de solos sedimentares, diâmetro de 8 1/2" (215,90 mm) | D116: M | E116: 694.04 | G116: 694.04 | H116: =LEN(B116) -> 9
B117: 01.28.050 | C117: Perfuração rotativa para poço profundo em aluvião, arenito, ou solos sedimentados em geral, diâmetro de 10" (250 mm) | D117: M | E117: 487.58 | G117: 487.58 | H117: =LEN(B117) -> 9
B118: 01.28.060 | C118: Perfuração rotativa para poço profundo em aluvião, arenito, ou solos sedimentados em geral, diâmetro de 12" (300 mm) | D118: M | E118: 1257.76 | G118: 1257.76 | H118: =LEN(B118) -> 9
B119: 01.28.070 | C119: Perfuração rotativa para poço profundo em aluvião, arenito, ou solos sedimentados em geral, diâmetro de 14" (350 mm) | D119: M | E119: 1276.19 | G119: 1276.19 | H119: =LEN(B119) -> 9
B120: 01.28.080 | C120: Perfuração rotativa para poço profundo em aluvião, arenito, ou solos sedimentados em geral, diâmetro de 16" (400 mm) | D120: M | E120: 1594.19 | G120: 1594.19 | H120: =LEN(B120) -> 9
B121: 01.28.090 | C121: Perfuração rotativa para poço profundo em aluvião, arenito, ou solos sedimentados em geral, diâmetro de 18" (450 mm) | D121: M | E121: 2057.25 | G121: 2057.25 | H121: =LEN(B121) -> 9
B122: 01.28.100 | C122: Perfuração rotativa para poço profundo em aluvião, arenito, ou solos sedimentados em geral, diâmetro de 20" (500 mm) | D122: M | E122: 2328.29 | G122: 2328.29 | H122: =LEN(B122) -> 9
...

Sheet P.O BDI
B2: PLANILHA ORÇAMENTÁRIA - MANUTENÇÃO PREVENTIVA E CORRETIVA DE PREDIOS PÚBLICOS
B3: BASE: CDHU - BOLETIM 201 SEM DESONERAÇÃO - EDIF JAN 2025 - SINAPI JAN 2026 | J3: BDI
B4: MANUTENÇÃO DE PREDIOS PÚBLICOS | J4: 0.23
B5: Item | C5: Código | D5: Fonte | E5: Descrição | F5: Unid | G5: Quant | H5: Preço Unitário | I5: Preço com BDI | J5: Preço Total
B7: Alvenaria
B8: MANUTENÇÃO E CONSERVAÇÃO DE ALVENARIAS E FECHAMENTOS | J8: =SUM(J9:J13) -> 227903.6
B9: 1.1 | C9: 14.10.101 | D9: CDHU | E9: =IF($C9=" "," ",VLOOKUP($C9,'DES. 201'!$B$11:$G$4115,2,0)) -> Alvenaria de bloco de concreto de vedação de 9 cm - classe C | F9: =IF($C9=" "," ",VLOOKUP($C9,'DES. 201'!$B$11:$G$4115,3,0)) -> M2 | G9: 200 | H9: =IF($C9=" "," ",VLOOKUP($C9,'DES. 201'!$B$11:$G$4115,6,0)) -> 74.19 | I9: =ROUND(H9*(1+$J$4),2) -> 91.25 | J9: =IF($D9="","",ROUND(G9*I9,2)) -> 18250
B10: 1.2 | C10: 04-01-51 | D10: EDIF | E10: BLOCOS VAZADOS DE CONCRETO APARENTE - 14CM | F10: M2 | G10: 600 | H10: 111.05 | I10: =ROUND(H10*(1+$J$4),2) -> 136.59 | J10: =IF($D10="","",ROUND(G10*I10,2)) -> 81954
B11: 1.3 | C11: 04-01-52 | D11: EDIF | E11: BLOCOS VAZADOS DE CONCRETO APARENTE - 19CM | F11: M2 | G11: 400 | H11: 132.83 | I11: =ROUND(H11*(1+$J$4),2) -> 163.38 | J11: =IF($D11="","",ROUND(G11*I11,2)) -> 65352
B12: 1.4 | C12: 04-01-97 | D12: EDIF | E12: CONCRETO "GROUT" | F12: M3 | G12: 20 | H12: 773.18 | I12: =ROUND(H12*(1+$J$4),2) -> 951.01 | J12: =IF($D12="","",ROUND(G12*I12,2)) -> 19020.2
B13: 1.5 | C13: 14.20.010 | D13: CDHU | E13: VERGAS, CINTAS E PILARETES DE CONCRETO | F13: M3 | G13: 20 | H13: =IF($C13=" "," ",VLOOKUP($C13,'DES. 201'!$B$11:$G$4115,6,0)) -> 1761.28 | I13: =ROUND(H13*(1+$J$4),2) -> 2166.37 | J13: =IF($D13="","",ROUND(G13*I13,2)) -> 43327.4
B14: DEMOLIÇÕES | J14: =SUM(J15:J18) -> 52323
B15: 1.5 | C15: 04-50-04 | D15: EDIF | E15: DEMOLIÇÃO DE ALVENARIA EM GERAL (TIJOLOS OU BLOCOS) | F15: M3 | G15: 500 | H15: 55.27 | I15: =ROUND(H15*(1+$J$4),2) -> 67.98 | J15: =IF($D15="","",ROUND(G15*I15,2)) -> 33990
B16: 1.6 | C16: 04-50-09 | D16: EDIF | E16: DEMOLIÇÃO DE VERGAS, CINTAS E PILARETES DE CONCRETO | F16: M3 | G16: 20 | H16: 313.35 | I16: =ROUND(H16*(1+$J$4),2) -> 385.42 | J16: =IF($D16="","",ROUND(G16*I16,2)) -> 7708.4
B17: 1.7 | C17: 04-50-10 | D17: EDIF | E17: DEMOLIÇÃO DE PLACAS DIVISÓRIAS DE GRANILITE OU SIMILAR | F17: M2 | G17: 200 | H17: 12.05 | I17: =ROUND(H17*(1+$J$4),2) -> 14.82 | J17: =IF($D17="","",ROUND(G17*I17,2)) -> 2964
B18: 1.8 | C18: 03.01.220 | D18: CDHU | E18: =IF($D18="","",VLOOKUP($C18,'[1]200 ONERADO'!$B$3:$H$4201,2,0)) -> Demolição mecanizada de concreto simples, inclusive fragmentação, carregamento, transporte até 1 quilômetro e descarregamento | F18: =IF($D18="","",VLOOKUP($C18,'[1]200 ONERADO'!$B$3:$H$4201,3,0)) -> M3 | G18: 20 | H18: =IF($C18=" "," ",VLOOKUP($C18,'DES. 201'!$B$11:$G$4115,6,0)) -> 311.41 | I18: =ROUND(H18*(1+$J$4),2) -> 383.03 | J18: =IF($D18="","",ROUND(G18*I18,2)) -> 7660.6
B19: RECOLOCAÇÕES | J19: =SUM(J20:J21) -> 66666
B20: 1.9 | C20: 04-70-10 | D20: EDIF | E20: RECOLOCAÇÃO DE PLACAS DIVISÓRIAS DE GRANILITE OU SIMILAR | F20: M2 | G20: 100 | H20: 73.99 | I20: =ROUND(H20*(1+$J$4),2) -> 91.01 | J20: =IF($D20="","",ROUND(G20*I20,2)) -> 9101
B21: 1.10 | C21: 96358 | D21: SINAPI | E21: PAREDE COM PLACAS DE GESSO ACARTONADO (DRYWALL), PARA USO INTERNO, COM DUAS FACES SIMPLES E ESTRUTURA METÁLICA COM GUIAS SIMPLES, SEM VÃOS. AF_06/2017_P | F21: M2 | G21: 500 | H21: 93.6 | I21: =ROUND(H21*(1+$J$4),2) -> 115.13 | J21: =IF($D21="","",ROUND(G21*I21,2)) -> 57565
B22: 2.0 | C22: MANUTENÇÃO E IMPERMEABILIZAÇÕES
B23: 3.0 | C23: MANUTENÇÃO E CONSERVAÇÃO DE COBERTURAS
B24: ESTRUTURAS DE COBERTURA | J24: =SUM(J25:J27) -> 110546.9
B25: 3.1 | C25: 06-01-10 | D25: EDIF | E25: ESTRUTURA DE MADEIRA, EM TERÇAS, PARA TELHAS ONDULADAS CA/AL/PL/AG | F25: M2 | G25: 200 | H25: 69.72 | I25: =H25*23/100+H25 -> 85.7556 | J25: =IF($D25="","",ROUND(G25*I25,2)) -> 17151.12
B26: 3.2 | C26: 06-01-13 | D26: EDIF | E26: ESTRUTURA DE MADEIRA, PONTALETADA, PARA TELHAS ONDULADAS CA/AL/PL/AG | F26: M2 | G26: 200 | H26: 246.43 | I26: =H26*23/100+H26 -> 303.1089 | J26: =IF($D26="","",ROUND(G26*I26,2)) -> 60621.78
B27: 3.3 | C27: 15.01.120 | D27: CDHU | E27: Estrutura de madeira tesourada para telha perfil ondulado - vãos 7,01 a 10,00 m | F27: M2 | G27: 200 | H27: =IF($C27=" "," ",VLOOKUP($C27,'DES. 201'!$B$11:$G$4115,6,0)) -> 133.23 | I27: =ROUND(H27*(1+$J$4),2) -> 163.87 | J27: =IF($D27="","",ROUND(G27*I27,2)) -> 32774
B28: TELHADOS | J28: =SUM(J29:J32) -> 79744
B29: 3.4 | C29: 16.02.045 | D29: CDHU | E29: =IF($C29=" "," ",VLOOKUP($C29,'DES. 201'!$B$11:$G$4115,2,0)) -> Telha de barro colonial/paulista | F29: =IF($C29=" "," ",VLOOKUP($C29,'DES. 201'!$B$11:$G$4115,3,0)) -> M2 | G29: 100 | H29: =IF($C29=" "," ",VLOOKUP($C29,'DES. 201'!$B$11:$G$4115,6,0)) -> 130.14 | I29: =ROUND(H29*(1+$J$4),2) -> 160.07 | J29: =IF($D29="","",ROUND(G29*I29,2)) -> 16007
B30: 3.5 | C30: 16.03.020 | D30: CDHU | E30: =IF($C30=" "," ",VLOOKUP($C30,'DES. 201'!$B$11:$G$4115,2,0)) -> Telhamento em cimento reforçado com fio sintético CRFS - perfil ondulado de 8 mm | F30: =IF($C30=" "," ",VLOOKUP($C30,'DES. 201'!$B$11:$G$4115,3,0)) -> M2 | G30: 100 | H30: =IF($C30=" "," ",VLOOKUP($C30,'DES. 201'!$B$11:$G$4115,6,0)) -> 78.97 | I30: =ROUND(H30*(1+$J$4),2) -> 97.13 | J30: =IF($D30="","",ROUND(G30*I30,2)) -> 9713
